 Dungeon Crawl Stone Soup version 0.31-a0-4-gefa6de2278 (webtiles) character file.

Game seed: 14183587424053808934

166 Anon1729 the Ducker (level 5, -2/42 HPs)
             Began as a Merfolk Monk on May 4, 2023.
             Slain by a gnoll
             ... wielding a +0 club
              (7 damage)
             ... on level 3 of the Dungeon.
             The game lasted 00:02:08 (2419 turns).

Anon1729 the Ducker (Merfolk Monk)                  Turns: 2419, Time: 00:02:09

Health: -2/42      AC:  3    Str: 11    XL:     5   Next: 47%
Magic:  14/14      EV: 14    Int:  9    God:
Gold:   143        SH:  0    Dex: 19    Spells: 4/4 levels left

rFire   . . .        a - +0 long sword
rCold   . . .        d - orb {light}
rNeg    . . .        i - +0 leather armour
rPois   .            (helmet restricted)
rElec   .            (no cloak)
rCorr   .            (no gloves)
SInv    .            (no boots)
Will    .....        (no amulet)
Stlth   +            e - ring of magical power
HPRegen 0.27/turn    (no ring)
MPRegen 0.14/turn

%: no passive effects
@: weak-willed, glowing, unable to read
A: (nimble swimmer 2), mertail, antennae 1, inability to read after injury 1
a: no special abilities


You were on level 3 of the Dungeon.
You visited 1 branch of the dungeon, and saw 3 of its levels.

You collected 143 gold pieces.

Inventory:

Hand Weapons
 a - a +0 long sword (weapon)
Missiles
 j - 4 silver boomerangs (quivered)
Armour
 b - a +0 robe
 d - an orb of light (worn)
 i - a +0 leather armour (worn)
Jewellery
 e - a ring of magical power (left hand)
 u - a +6 ring of intelligence
Scrolls
 h - a scroll of summoning {unknown}
 m - a scroll of noise {unknown}
 o - a scroll of magic mapping {unknown}
 p - a scroll of teleportation {unknown}
 r - a scroll of amnesia
 t - a scroll of blinking {unknown}
Potions
 c - a potion of ambrosia
 g - a potion of flight {unknown}
 k - a potion of mutation
 l - 2 potions of degeneration {unknown}
 n - a potion of curing {unknown}
 q - a potion of berserk rage {unknown}
 s - a potion of haste {unknown}
 v - a potion of brilliance {unknown}


   Skills:
 + Level 4.3 Fighting
 + Level 4.7 Long Blades
 - Level 1.0 Armour
 + Level 5.2 Dodging
 + Level 2.0 Stealth


You had 4 spell levels left.
You didn't know any spells.
Your spell library was empty.

Dungeon Overview and Level Annotations

Branches:
Dungeon (3/15)

Altars:


Innate Abilities, Weirdness & Mutations

((You are very nimble when in or above water. (Stealth+, EV+, Speed+++)))
Your lower body shifts to a powerful aquatic tail in water.
You have a pair of small antennae on your head.
You occasionally lose the ability to read scrolls when taking damage.


Message History

There are monsters nearby!
The kobold shouts! x2
You hit the gnoll.
The gnoll is moderately wounded.
The gnoll hits you from afar with a +0 spear!
The gnoll hits you with a +0 club.
You hit the gnoll but do no damage.
The gnoll is moderately wounded.
The gnoll closely misses you. The gnoll barely misses you.
The gnoll hits you from afar with a +0 spear.
The gnoll hits you with a +0 club.
Things that are here:
a +0 club; a +0 spear; a gnoll corpse The gnoll attacks as you move away!
The gnoll hits you with a +0 club.
Things that are here:
5 stones; a kobold corpse The gnoll hits you with a +0 club.
The gnoll attacks as you move away! The gnoll hits you with a +0 club!
* * * LOW HITPOINT WARNING * * *
The gnoll attacks as you move away! The gnoll hits you with a +0 club.
* * * LOW HITPOINT WARNING * * *
Things that are here:
5 stones; a kobold corpse It was a potion of mutation.
You feel extremely strange.
You occasionally lose the ability to read scrolls when taking damage.
A pair of antennae grows on your head! The gnoll hits you with a +0 club.
* * * LOW HITPOINT WARNING * * *
As you read the scroll labelled COJICO OGEROQUR, it crumbles to dust.
It is a scroll of amnesia.
You feel forgetful for a moment. The gnoll hits you with a +0 club.
* * * LOW HITPOINT WARNING * * *
Okay, then.
Unknown command.
Unknown command.
As you read the scroll labelled ZICRETSEQONI, it crumbles to dust.
Magic quickly surges around you.
It was a scroll of vulnerability.
The gnoll hits you with a +0 club!
You feel threatened and lose the ability to read scrolls!
You die...

≈≈≈≈≈≈≈≈≈≈≈≈≈≈≈≈≈≈≈≈≈≈#####≈≈≈≈##
#######################...#≈≈≈≈≈#
......^#..............#.K.#≈≈≈≈≈≈
..)....'..............#.g.#≈≈≈≈≈≈
########..............##'##≈≈≈≈≈≈
#..........########.....(#≈≈≈≈≈≈≈
'..........# #..Kg..#≈≈≈≈≈≈≈
#..........########g.))..#≈≈≈≈≈≈≈
########†.......@gKK.(##'##≈≈≈≈≈≈
......('........KK....#...#≈≈≈≈≈≈
......)#..............#...#≈≈≈≈≈≈
#######################...#≈≈≈≈≈≈
~≈≈≈≈≈≈≈≈≈≈≈≈≈≈≈≈≈≈≈≈≈#####≈≈≈≈≈≈
~≈≈≈≈~≈≈≈≈≈~≈≈≈≈≈≈≈≈≈≈≈~≈≈≈≈≈~≈≈~
~~~≈~~~~~~≈~~~~~≈~≈~~~~~~≈~~≈~~~~
~...~~~.~.~..~~~~~~~~~~~~...~÷~~~
.................................


You could see a kobold brigand (weak-willed), 3 gnolls and 4 kobolds.

Vanquished Creatures
  A kobold brigand (D:3)
  2 gnolls (D:3)
  3 adders (D:3)
  A worm (D:3)
  5 ball pythons
  2 endoplasms
  A giant cockroach (D:1)
  3 goblins (D:1)
  5 hobgoblins
  5 bats
  A frilled lizard (D:3)
  18 kobolds
  4 rats
51 creatures vanquished.

Notes
Turn   | Place    | Note
-------+----------+-------------------------------------------
     0 | D:1      | Anon1729 the Merfolk Monk began the quest for the Orb.
     0 | D:1      | Reached XP level 1. HP: 18/18 MP: 1/1
   396 | D:1      | Reached XP level 2. HP: 22/24 MP: 2/2
  1121 | D:2      | Reached XP level 3. HP: 26/30 MP: 3/3
  1542 | D:3      | Found a faded altar of an unknown god.
  1590 | D:3      | Noticed a kobold brigand
  1619 | D:3      | Killed a kobold brigand
  1620 | D:3      | Reached skill level 5 in Dodging
  1620 | D:3      | Reached skill level 1 in Stealth
  1620 | D:3      | Reached XP level 4. HP: 4/37 MP: 4/4
  1620 | D:3      | Reached XP level 5. HP: 5/42 MP: 5/5
  2283 | D:3      | Reached skill level 1 in Armour
  2406 | D:3      | Noticed a kobold brigand
  2417 | D:3      | Gained mutation: You occasionally lose the ability to read
                  | scrolls when taking damage. [potion of mutation]
  2417 | D:3      | Gained mutation: You have a pair of small antennae on your
                  | head. [potion of mutation]
  2419 | D:3      | Slain by a gnoll

Illustrated notes

Levels and vault maps discovered:
D:1:      dpeg_arrival_shrine, layout_loops_cross
D:2:      layout_basic
D:3:      minmay_goblin_kobold_castle, layout_basic,
          chequers_ecumenical_altar_grove, hangedman_decor_opposing,
          nicolae_elevator_lobby_asterisk

Skill      XL: |  1  2  3  4  5 |
---------------+----------------+-----
Long Blades    | 4 |  4.7
Fighting       | 4 |  4.3
Dodging        | 5 |  5.2
Stealth        | 1 2 |  2.0
Armour         | 1 |  1.0

Action                     |  1- 3 |  4- 6 || total
---------------------------+-------+-------++-------
  Melee: Falchion          |    12 |       ||    12
         Long sword        |    67 |    43 ||   110
    Use: Scroll            |       |     2 ||     2
         Potion            |       |     1 ||     1
 Armour: Robe              |     6 |       ||     6
         Leather armour    |    15 |     6 ||    21
  Dodge: Dodged            |    70 |    47 ||   117

Table legend: (Time is in decaauts)
 A = Elapsed time spent in this place.
 B = Non-inter-level travel time spent in this place.
 C = Inter-level travel time spent in this place.
 D = Time resting spent in this place.
 E = Time spent auto-exploring this place.
 F = Levels seen in this place.
 G = Mean time per level.
                   A        B        C        D        E       F      G
               +--------+--------+--------+--------+--------+-----+--------+
         Total |   2383 |   2315 |     68 |    140 |   1819 |   3 |  794.3 |
       Dungeon |   2383 |   2315 |     68 |    140 |   1819 |   3 |  794.3 |
               +--------+--------+--------+--------+--------+-----+--------+

Top non-repeatable levels by time:
     D:3: 961 daAuts
     D:1: 832 daAuts
     D:2: 589 daAuts
